 Dungeon Crawl Stone Soup version 0.29.1-1-gd02db6906a (webtiles) character file.

Game seed: 13508590529829572039

340 mtoz the Digger (level 6, -2/32 HPs)
             Began as a Gargoyle Earth Elementalist on Oct 1, 2022.
             Slain by Pikel
             ... wielding a +1 whip of flaming
              (3 damage)
             ... on level 3 of the Dungeon.
             The game lasted 00:12:48 (4150 turns).

mtoz the Digger (Gargoyle Earth Elementalist)       Turns: 4150, Time: 00:12:49

Health: -2/32      AC: 11    Str: 12    XL:     6   Next: 56%
Magic:  3/10       EV: 12    Int: 17    God:
Gold:   128        SH:  0    Dex: 10    Spells: 10/11 levels left

rFire   . . .      SeeInvis .   (no weapon)
rCold   . . .      Faith    .   (no shield)
rNeg    + . .      Spirit   .   a - +0 robe
rPois   ∞          Reflect  .   h - +0 helmet
rElec   +          Harm     .   (no cloak)
rCorr   .          Rampage  .   k - +2 pair of gloves
Will    .....                   l - +0 pair of boots
Stlth   ++........              (no amulet)
HPRegen 0.10/turn               (no ring)
MPRegen 0.12/turn               (no ring)

@: hasted, very quick
A: sickness immunity, AC +4, negative energy resistance 1, electricity
resistance, torment resistance 1, petrification resistance
a: no special abilities


You were on level 3 of the Dungeon.
You visited 1 branch of the dungeon, and saw 4 of its levels.

You collected 128 gold pieces.

Inventory:

Armour
 a - a +0 robe (worn)
 h - a +0 helmet (worn)
 k - a +2 pair of gloves (worn)
 l - a +0 pair of boots (worn)
Jewellery
 s - a +6 ring of strength
Scrolls
 c - 3 scrolls of identify
 j - a scroll of enchant armour
 m - a scroll of immolation
 n - a scroll of butterflies
 p - a scroll of magic mapping {unknown}
 q - a scroll of vulnerability {unknown}
 r - a scroll of teleportation
Potions
 b - 2 potions of magic
 d - a potion of mutation {unknown}
 e - a potion of flight
 g - a potion of heal wounds {unknown}
 i - a potion of ambrosia {unknown}


   Skills:
 + Level 2.9 Dodging
 + Level 3.9 Stealth
 + Level 3.2 Spellcasting
 + Level 2.3 Transmutations
 + Level 5.0 Earth Magic


You had 10 spell levels left.
You knew the following spells:

 Your Spells              Type           Power      Damage    Failure   Level
a - Sandblast             Erth           38%        2d10      2%          1

Your spell library contained the following spells:

 Spells                   Type           Power      Damage    Failure   Level
 Passwall                 Tmut/Erth      12%        N/A       5%          2
 Stone Arrow              Conj/Erth      22%        3d8       19%         3
 Petrify                  Tmut/Erth      15%        N/A       36%         4


Dungeon Overview and Level Annotations

Branches:
Dungeon (4/15)
 Temple: D:4-7

Altars:

Annotations:
D:2 Terence
D:3 2 transporters, Pikel; sentinel's ghost, weakling MeEE


Innate Abilities, Weirdness & Mutations

You are immune to sickness and miasma.
Your stone body is resilient. (AC +4)
You are immune to poison.
You resist negative energy. (rN+)
You are resistant to electric shocks. (rElec)
You are resistant to unholy torment.
You are immune to petrification.


Message History

* * * LOW HITPOINT WARNING * * *
You feel better. Pikel hits you but does no damage.
Aiming: Sandblast (safe; 2% risk of failure)
Press: ? - help, Q - select action Shift-Dir - straight line, f/p - Pikel
Aim: Pikel, wielding a +1 whip of flaming and wearing a +0 robe (moderately wounded, 77% to hit)
The blast of sand hits Pikel.
Pikel is heavily wounded.
Sentinel's ghost turns its malevolent gaze towards you.
You hear a shout!
Pikel hits you but does no damage.
Aiming: Sandblast (safe; 2% risk of failure)
Press: ? - help, Q - select action Shift-Dir - straight line, f/p - Pikel
Aim: Pikel, wielding a +1 whip of flaming and wearing a +0 robe (heavily wounded, 77% to hit)
The blast of sand hits Pikel!
Pikel is severely wounded.
Pikel hits you with a +1 whip of flaming.
* * * LOW HITPOINT WARNING * * *
Pikel burns you.
* * * LOW HITPOINT WARNING * * *
Pikel hits you with a +1 whip of flaming.
* * * LOW HITPOINT WARNING * * *
Pikel burns you.
* * * LOW HITPOINT WARNING * * *
You feel better.
Pikel hits you with a +1 whip of flaming.
* * * LOW HITPOINT WARNING * * *
Pikel burns you.
* * * LOW HITPOINT WARNING * * *
Aiming: Sandblast (safe; 2% risk of failure)
Press: ? - help, Q - select action Shift-Dir - straight line, f/p - Pikel
Aim: Pikel, wielding a +1 whip of flaming and wearing a +0 robe (severely wounded, 77% to hit)
The blast of sand hits Pikel but does no damage.
Pikel is severely wounded.
Pikel hits you with a +1 whip of flaming.
* * * LOW HITPOINT WARNING * * *
Pikel burns you.
* * * LOW HITPOINT WARNING * * *
You feel yourself speed up.
Pikel hits you with a +1 whip of flaming.
You die...

.# #..## #.# ##...###.###.#. .#
#...####.# #.###.##.###.#. .#
####...### #.# #.##.##.... .#
##....# #.###.##.##..##
.######.÷...########...###.##..#
.##...#.....#...........##.##..#
.##.#.##÷.##########.##.##.##..#
.......##.##########.##.##.##..#
..##.##........K@.##.##........#
...............##..........###.#
≈~≈≈≈≈≈≈≈≈≈≈≈≈.##..............#
≈~≈≈≈≈≈≈≈≈≈≈≈≈.##.##...#########
.......#####≈≈.##.####.#
.©.###.#g8W#≈≈....# #.#
####g###...#≈≈.#### #.#
.g.......###≈≈.# #.#
#'######.#8.≈≈.#######.#


You could see Pikel and sentinel's ghost.

Vanquished Creatures
  A hound (D:4)
  Natasha (thrice) (D:3)
  Robin (D:2)
  4 gnolls
  7 adders
  2 ufetubi
  3 worms
  5 dart slugs
  3 endoplasms
  3 giant cockroaches
  10 goblins
  11 hobgoblins
  3 jackals (D:1)
  2 quokkas
  6 ball pythons
  10 bats
  4 frilled lizards
  6 kobolds
  23 rats
107 creatures vanquished.

Vanquished Creatures (others)
  6 plants (D:3)
6 creatures vanquished.

Grand Total: 113 creatures vanquished

Notes
Turn   | Place    | Note
-------+----------+-------------------------------------------
     0 | D:1      | mtoz the Gargoyle Earth Elementalist began the quest for
                  | the Orb.
     0 | D:1      | Reached XP level 1. HP: 10/10 MP: 3/3
   194 | D:1      | Reached skill level 1 in Transmutations
   194 | D:1      | Reached XP level 2. HP: 15/15 MP: 1/5
   519 | D:1      | Reached XP level 3. HP: 15/19 MP: 2/6
   605 | D:1      | Reached skill level 4 in Earth Magic
  1417 | D:2      | Reached XP level 4. HP: 24/24 MP: 3/7
  1517 | D:2      | Found a faded altar of an unknown god.
  1707 | D:2      | Noticed Robin
  1755 | D:2      | Killed Robin
  1957 | D:2      | Reached XP level 5. HP: 28/28 MP: 4/8
  2556 | D:3      | Noticed Terence
  2561 | D:3      | Noticed Natasha
  2915 | D:3      | Found a transporter.
  3223 | D:3      | Killed Natasha
  3358 | D:3      | Noticed Natasha
  3360 | D:3      | Killed Natasha
  3566 | D:3      | Reached XP level 6. HP: 31/32 MP: 0/10
  3678 | D:3      | Noticed sentinel's ghost (weakling MeEE)
  3709 | D:3      | Noticed Natasha
  3712 | D:3      | Killed Natasha
  3783 | D:3      | Identified the +3 spear of the Open Hand {elec, rPois rC+
                  | Will+ Dex+4}
  3798 | D:3      | Found a transporter.
  4079 | D:4      | Reached skill level 5 in Earth Magic
  4132 | D:4      | Noticed Pikel
  4149 | D:3      | HP: 1/32 [Pikel/+1 whip of flaming (1)]
  4150 | D:3      | Slain by Pikel

Illustrated notes

Levels and vault maps discovered:
D:1:      saegor_arrival_simple_a, layout_basic, minmay_split_cup_large
D:2:      layout_basic, hellmonk_ecumenical_altar_blasted, uniq_robin
D:3:      layout_loops_ring, gammafunk_ghost_gnarly_gnolls, st_stairs_12,
          nrook_campfire, corexii_item_surrounded_by_moat, minmay_rat_hole,
          uniq_natasha, uniq_terence
D:4:      layout_basic, supply_closet_lemuel, uniq_pikel

Skill      XL: |  1  2  3  4  5  6 |
---------------+-------------------+-----
Transmutations | 1 2 |  2.3
Earth Magic    | 4 5 |  5.0
Dodging        | 2 |  2.9
Stealth        | 3 |  3.9
Spellcasting   | 3 |  3.2

Action                   |  1- 3 |  4- 6 || total
-------------------------+-------+-------++-------
 Cast: Sandblast         |    58 |   110 ||   168
  Use: Scroll            |       |     9 ||     9
       Potion            |       |     3 ||     3
Armor: Robe              |     9 |    44 ||    53
Dodge: Dodged            |    17 |    58 ||    75
